 Dungeon Crawl Stone Soup version 0.29.1-12-g30fa7ad0bf (webtiles) character file.

Game seed: 7054699817049269978

95 wormed the Conjurer (level 4, -2/24 HPs)
             Began as a Deep Elf Conjurer on Dec 27, 2022.
             Slain by Crazy Yiuf
             ... wielding a +2 quarterstaff of chaos
              (7 damage)
             ... on level 2 of the Dungeon.
             The game lasted 00:03:26 (1882 turns).

wormed the Conjurer (Deep Elf Conjurer)             Turns: 1882, Time: 00:03:26

Health: -2/24      AC:  3    Str:  4    XL:     4   Next: 40%
Magic:  7/12       EV: 12    Int: 25    God:
Gold:   96         SH:  0    Dex: 13    Spells: 0/11 levels left

rFire   . . .      SeeInvis .   d - +0 dagger
rCold   . . .      Faith    .   (no shield)
rNeg    . . .      Spirit   .   a - +0 robe
rPois   .          Reflect  .   (no helmet)
rElec   .          Harm     .   (no cloak)
rCorr   .          Rampage  .   f - +0 pair of gloves
Will    .....                   (no boots)
Stlth   ++........              (no amulet)
HPRegen 0.08/turn               (no ring)
MPRegen 0.13/turn               (no ring)

@: no status effects
A: no striking features
a: no special abilities


You were on level 2 of the Dungeon.
You visited 1 branch of the dungeon, and saw 2 of its levels.

You collected 96 gold pieces.

Inventory:

Hand Weapons
 d - a +0 dagger (weapon)
Armour
 a - a +0 robe (worn)
 f - a +0 pair of gloves (worn)
Scrolls
 c - a scroll of vulnerability {unknown}
 g - 3 scrolls of identify {unknown}
 h - a scroll of magic mapping {unknown}
 k - a scroll of enchant armour {unknown}
Potions
 b - a potion of magic
 e - 2 potions of lignification {unknown}
 i - a potion of invisibility {unknown}
 j - a potion of might {unknown}
 l - 2 potions of degeneration {unknown}


   Skills:
 - Level 3.0 Dodging
 - Level 3.0 Stealth
 - Level 4.0 Spellcasting
 * Level 5.7 Conjurations


You couldn't memorise any spells.
You knew the following spells:

 Your Spells              Type           Power      Damage    Failure   Level
a - Magic Dart            Conj           100%       1d8       1%          1
b - Searing Ray           Conj           66%        2d6       1%          2
c - Fulminant Prism       Conj/Hex       9%         3d7       28%         4
d - Iskenderun's Mystic   Conj/Tloc      19%        2d6       28%         4

Your spell library contained the following spells:

 Spells                   Type           Power      Damage    Failure   Level
 Dazzling Flash           Conj/Hex       38%        N/A       9%          3
 Gell's Gravitas          Tloc           5%         N/A       26%         3
 Teleport Other           Tloc           5%         N/A       26%         3
 Dispersal                Tloc           2%         N/A       100%        6


Dungeon Overview and Level Annotations

Branches:
Dungeon (2/15)

Altars:
Xom

Annotations:
D:2 Crazy Yiuf


Message History

You start memorising the spell.
You continue memorising. x4
You finish memorising.
Spell assigned to 'd'.
Okay, then.
Okay, then.
You see here a worm corpse.
You now have 96 gold pieces (gained 7).
You see here a worm corpse.
You see here a +0 hand axe.
Crazy Yiuf shouts!
You see here a +0 hammer.
Could not explore, unopened runed door.
Press: ? - help, v - describe, . - travel
Here: Crazy Yiuf, wielding a +2 quarterstaff of chaos and wearing a +0 cloak (fire blocked by a runed translucent door)
The floor.
You open the door.
Casting: Searing Ray (safe; 1% risk of failure)
Confirm with . or Enter, or press ? or * to list all spells.
Aiming: Searing Ray (safe; 1% risk of failure)
Press: ? - help, Shift-Dir - straight line The searing ray hits Crazy Yiuf!
Crazy Yiuf is heavily wounded. (Press . to maintain the ray.) Crazy Yiuf cries, "Mugger chair agre!"
Crazy Yiuf hits you with a +2 quarterstaff of chaos.
The searing ray hits Crazy Yiuf.
Crazy Yiuf is severely wounded.
Crazy Yiuf hits you with a +2 quarterstaff of chaos!
Ouch! That really hurt!
* * * LOW HITPOINT WARNING * * *
Crazy Yiuf freezes you.
* * * LOW HITPOINT WARNING * * *
The searing ray misses Crazy Yiuf.
Crazy Yiuf hits you with a +2 quarterstaff of chaos.
* * * LOW HITPOINT WARNING * * *
The searing ray hits Crazy Yiuf.
Crazy Yiuf is almost dead.
You finish channelling your searing ray.
Crazy Yiuf laughs, "Flower pontify shrimp!"
Crazy Yiuf hits you with a +2 quarterstaff of chaos!
You die...

#####
#....###..#
#....# ##.#
#....# #.#
########
##..)# ##.#
##......###
##.## #..#
##.....#...#
##.# ##.#
#.......)..#
#)## ##.###
#.......##.#
##.# #....#
#..[.......#
#@## ##.#.#
##.....#.###
#g# #.#.#
#.......#
... #.#.#
#....#.##
#.))# ##.#.#
##....#.#
#)..# #....#
##.#.##.####
##### #..###
...^....)..#
#.##
##.#.#.#####
#.# ##<#.#)#
#.#


You could see Crazy Yiuf.

Vanquished Creatures
  A hound (D:2)
  3 adders (D:2)
  2 worms (D:2)
  2 ball pythons (D:2)
  An endoplasm (D:1)
  A giant cockroach (D:1)
  2 goblins (D:2)
  3 hobgoblins
  3 jackals (D:2)
  4 kobolds
  2 quokkas (D:1)
  2 bats (D:1)
  6 frilled lizards
  4 rats
36 creatures vanquished.

Notes
Turn   | Place    | Note
-------+----------+-------------------------------------------
     0 | D:1      | wormed the Deep Elf Conjurer began the quest for the Orb.
     0 | D:1      | Reached XP level 1. HP: 10/10 MP: 6/6
   284 | D:1      | Reached XP level 2. HP: 15/15 MP: 6/8
   846 | D:2      | Learned a level 2 spell: Searing Ray
   958 | D:2      | Found a shimmering altar of Xom.
  1069 | D:2      | Found a runed translucent door.
  1070 | D:2      | Noticed Crazy Yiuf
  1201 | D:2      | Reached XP level 3. HP: 19/19 MP: 6/9
  1279 | D:2      | Reached skill level 5 in Conjurations
  1387 | D:2      | Reached XP level 4. HP: 24/24 MP: 8/12
  1688 | D:2      | Learned a level 4 spell: Fulminant Prism
  1693 | D:2      | Learned a level 4 spell: Iskenderun's Mystic Blast
  1882 | D:2      | Slain by Crazy Yiuf

Illustrated notes

Levels and vault maps discovered:
D:1:      wander_arrival_peaceful_grave, layout_basic, minmay_misc_feat_alley,
          moated_statue, minmay_misc_feat_iff
D:2:      layout_loops_cross, basic_altar, uniq_crazy_yiuf_cottage

Skill      XL: |  1  2  3 |
---------------+----------+-----
Stealth        | 3 |  3.0
Dodging        | 3 |  3.0
Spellcasting   | 4 |  4.0
Conjurations   | 5 |  5.7

Action                   |  1- 3 |  4- 6 || total
-------------------------+-------+-------++-------
 Cast: Magic Dart        |    29 |       ||    29
       Searing Ray       |     8 |     7 ||    15
Dodge: Dodged            |     4 |       ||     4
